 Dungeon Crawl Stone Soup version 0.31-a0-165-g3f4f80340b (webtiles) character file.

Game seed: 9538391732850007102

276 qw the Chopper (level 6, -6/39 HPs)
             Began as a Gargoyle Fighter on June 13, 2023.
             Was an Initiate of Okawaru.
             Mangled by an ogre
             ... wielding a +0 giant spiked club
              (15 damage)
             ... on level 4 of the Dungeon.
             The game lasted 00:01:27 (3005 turns).

qw the Chopper (Gargoyle Fighter)                   Turns: 3005, Time: 00:01:27

Health: -6/39      AC: 13    Str: 22    XL:     6   Next: 25%
Magic:  6/6        EV:  8    Int:  8    God:    Okawaru [......]
Gold:   95         SH:  4    Dex:  9    Spells: 5/5 levels left

rFire   . . .        Y - +0 war axe
rCold   . . .        c - +0 buckler
rNeg    + . .        h - +0 chain mail
rPois   inf          (no helmet)
rElec   +            (no cloak)
rCorr   .            (no gloves)
SInv    .            (no boots)
Will    .....        (no amulet) Stlth
                     (no ring)
HPRegen 0.26/turn    (no ring)
MPRegen 0.10/turn

%: no passive effects
@: about to teleport
A: sickness immunity, AC +4, negative energy resistance 1, electricity
resistance, torment resistance 1, petrification resistance
a: Renounce Religion


You were on level 4 of the Dungeon.
You worshipped Okawaru.
Okawaru was noncommittal.
You visited 2 branches of the dungeon, and saw 5 of its levels.

You collected 95 gold pieces.


Innate Abilities, Weirdness & Mutations

You are immune to sickness and miasma.
Your stone body is resilient. (AC +4)
You are immune to poison.
You resist negative energy. (rN+)
You are resistant to electric shocks. (rElec)
You are resistant to unholy torment.
You are immune to petrification.


   Skills:
 - Level 4.5 Fighting
 + Level 5.2 Axes
 - Level 3.2 Armour
 - Level 3.2 Shields


You had 5 spell levels left.
You didn't know any spells.
Your spell library was empty.

Inventory:

Hand Weapons
 a - a +0 flail
 Y - a +0 war axe (weapon)
Missiles
 i - 5 boomerangs (quivered)
Armour
 c - a +0 buckler (worn)
 h - a +0 chain mail (worn)
Scrolls
 f - a scroll of identify
 n - a scroll of poison {unknown}
Potions
 b - a potion of ambrosia {unknown}
 d - a potion of might
 e - a potion of degeneration {unknown}
 g - a potion of mutation {unknown}
 j - a potion of brilliance {unknown}
 k - a potion of attraction {unknown}
 l - a potion of magic {unknown}

Dungeon Overview and Level Annotations

Branches:
Dungeon (4/15)             Temple (1/1) D:4

Altars:
Ashenzari
Cheibriados
Dithmenos
Elyvilon
Fedhas
Gozag
Hepliaklqana
Kikubaaqudgha
Makhleb
Okawaru
Qazlal
Ru
Sif Muna
Trog
Uskayaw
Vehumet
Wu Jian
Xom
Yredelemnul
Zin
The Shining One

Shops:
D:1 !


Message History

You open the door.
There is an open door here.
You open the door.
There is an open door here.
You open the door.
There is an open door here.
Found a sling.
Enter note:
Enter note:
Enter note:
Enter note: An ogre comes into view. It is wielding a +0 giant spiked club.
The ogre shouts!
Enter note:
Enter note:
Enter note:
Enter note: You throw a boomerang.
The boomerang hits the ogre.
The ogre is moderately wounded.
You throw a boomerang. The boomerang hits the ogre.
The ogre is moderately wounded.
You throw a boomerang. The boomerang barely misses the ogre.
You throw a boomerang. The boomerang hits the ogre.
The ogre is heavily wounded.
You slash the ogre!
The ogre is almost dead.
The ogre hits you with a +0 giant spiked club!!
Ouch! That really hurt!
You barely miss the ogre.
The ogre is almost dead.
The ogre hits you with a +0 giant spiked club.
You barely miss the ogre.
The ogre is almost dead.
The ogre hits you with a +0 giant spiked club!
A quokka comes into view.
3005 ||| READING scroll of teleportation.
As you read the scroll of teleportation, it crumbles to dust.
You feel strangely unstable.
The ogre hits you with a +0 giant spiked club!
You die...

.....................#
.P.PPPPP.P...........#
.P.......P...........#
.P.P...P.P.####'#######
.P.P._.P.P.# #........#
.P.P...P.P.. #........#
.P.......P...#........#
.P.PPPPP.P...#........#
#..@.##### #..O.#
#....# #....# #....#
#...). #....r .......


You could see an ogre and a quokka.

Vanquished Creatures
  2 scorpions
  An iguana (D:4)
  An orc wizard (D:2)
  4 adders
  A dart slug (D:4)
  5 orcs
  8 endoplasms
  7 giant cockroaches
  4 goblins
  7 hobgoblins
  3 jackals (D:1)
  A quokka (D:1)
  4 ball pythons
  5 bats
  A frilled lizard (D:2)
  5 kobolds
  8 rats
67 creatures vanquished.

Notes
Turn   | Place    | Note
-------+----------+-------------------------------------------
     0 | D:1      | qw the Gargoyle Fighter began the quest for the Orb.
     0 | D:1      | Reached XP level 1. HP: 14/14 MP: 1/1
     0 | D:1      | 0 ||| qw: Version: 0.2-a-29-gc1b59c4
     0 | D:1      | 0 ||| qw: Game counter: 4693
     0 | D:1      | 0 ||| qw: Always use a shield: true
     0 | D:1      | 0 ||| qw: God list: Okawaru
     0 | D:1      | 0 ||| qw: Allow faded altars: false
     0 | D:1      | 0 ||| qw: Do Orc after D:15 true
     0 | D:1      | 0 ||| qw: Do second Lair branch before Depths: true
     0 | D:1      | 0 ||| qw: Lair rune preference: random
     0 | D:1      | 0 ||| qw: Plans: Normal, Zot:1-4, Slime:5, God:TSO, Crypt,
                  | Tomb, Abyss, Pan, Hells, Win
     0 | D:1      | 0 ||| PLANNING D:1-11
    98 | D:1      | 98 ||| Stepping ~*~*~tactically~*~*~ (hiding).
   108 | D:1      | Reached skill level 2 in Axes
   109 | D:1      | HP: 3/14 [kobold/+0 whip (3)]
   162 | D:1      | 162 ||| DROPPING +0 club.
   292 | D:1      | Reached XP level 2. HP: 19/19 MP: 2/2
   440 | D:1      | Reached skill level 3 in Axes
   446 | D:1      | Reached XP level 3. HP: 17/23 MP: 3/3
   546 | D:1      | Found Yrucup's Distillery.
   554 | D:1      | 554 ||| SHOPLISTING 2 potions of resistance (240 gold, have
                  | 17).
   554 | D:1      | 554 ||| SHOPLISTING potion of curing (36 gold, have 17).
   554 | D:1      | 554 ||| SHOPLISTING potion of haste (120 gold, have 17).
   554 | D:1      | 554 ||| SHOPLISTING potion of might (48 gold, have 17).
   805 | D:1      | 805 ||| READING scroll labelled HYIPEX TYETHOTT.
   806 | D:1      | 806 ||| READING scroll labelled OWOATI RIDAGRO.
   907 | D:1      | 907 ||| READING scroll labelled BANOIMI ABLUE.
   908 | D:1      | 908 ||| DRINKING 2 green potions.
   992 | D:2      | 992 ||| STAIRDANCE
  1013 | D:2      | 1013 ||| STAIRDANCE
  1135 | D:2      | 1135 ||| FLEEEEING.
  1136 | D:2      | 1136 ||| FLEEEEING.
  1137 | D:2      | 1137 ||| FLEEEEING.
  1138 | D:2      | 1138 ||| FLEEEEING.
  1140 | D:2      | 1140 ||| FLEEEEING.
  1146 | D:2      | 1146 ||| DRINKING potion of curing.
  1146 | D:2      | 1146 ||| (to cure confusion)
  1148 | D:2      | 1148 ||| FLEEEEING.
  1149 | D:2      | 1149 ||| FLEEEEING.
  1150 | D:2      | 1150 ||| FLEEEEING.
  1151 | D:2      | 1151 ||| FLEEEEING.
  1152 | D:2      | 1152 ||| FLEEEEING.
  1153 | D:2      | 1153 ||| FLEEEEING.
  1154 | D:2      | 1154 ||| STAIRDANCE
  1163 | D:1      | 1163 ||| READING scroll labelled HOLOXZ QENAITIDAI.
  1164 | D:1      | 1164 ||| READING scroll labelled VYMANWUAHI.
  1169 | D:1      | 1169 ||| DRINKING 2 cyan potions.
  1170 | D:1      | 1170 ||| DROPPING potion of enlightenment.
  1191 | D:2      | Reached skill level 4 in Axes
  1191 | D:2      | Reached XP level 4. HP: 27/28 MP: 4/4
  1310 | D:2      | 1310 ||| Stepping ~*~*~tactically~*~*~ (stealth).
  1341 | D:2      | 1341 ||| DROPPING +0 whip.
  1613 | D:2      | 1613 ||| READING scroll labelled QALORR FAEMIU.
  1816 | D:3      | Reached XP level 5. HP: 32/32 MP: 5/5
  2282 | D:3      | 2282 ||| UPGRADING to +0 chain mail.
  2292 | D:3      | 2292 ||| DROPPING +0 scale mail.
  2307 | D:4      | 2307 ||| STAIRDANCE
  2310 | D:3      | Reached skill level 5 in Axes
  2422 | D:4      | Found a staircase to the Ecumenical Temple.
  2423 | D:4      | 2423 ||| PLANNING TEMPLE
  2428 | Temple   | Entered the Ecumenical Temple
  2592 | Temple   | 2592 ||| PLANNING OKAWARU WORSHIP
  2751 | Temple   | Became a worshipper of Warmaster Okawaru
  2751 | Temple   | 2751 ||| PLANNING D:1-11
  2820 | D:4      | 2820 ||| Stepping ~*~*~tactically~*~*~ (hiding).
  2836 | D:4      | Found a basalt altar of Yredelemnul.
  2875 | D:4      | 2875 ||| Stepping ~*~*~tactically~*~*~ (stealth).
  2885 | D:4      | Reached XP level 6. HP: 32/39 MP: 6/6
  3004 | D:4      | HP: 8/39 [ogre/+0 giant spiked club (8)]
  3005 | D:4      | 3005 ||| READING scroll of teleportation.
  3005 | D:4      | Mangled by an ogre

Levels and vault maps discovered:
D:1:      dpeg_arrival_circle_labyrinth_c, layout_basic, serial_shops,
          nicolae_shop_crystal, hangedman_decor_peaks_small
D:2:      layout_rooms, kennysheep_generic_room_10
D:3:      layout_loops_ring
D:4:      layout_gridville, mainiacjoe_overflow_cross_hatched,
          minmay_temple_entry_hall, minmay_door_square
Temple:   mainiacjoe_temple_cubbyholes

Skill      XL: |  1  2  3  4  5 |
---------------+----------------+-----
Axes           | 2 3 4 5 |  5.2
Fighting       | 4 |  4.5
Armour         | |  3.2
Shields        | |  3.2

Action                     |  1- 3 |  4- 6 || total
---------------------------+-------+-------++-------
  Melee: War axe           |   105 |    89 ||   194
  Throw: Boomerang         |       |    32 ||    32
    Use: Scroll            |     5 |     2 ||     7
         Potion            |     3 |       ||     3
 Armour: Scale mail        |    66 |    31 ||    97
         Chain mail        |       |    12 ||    12
  Dodge: Dodged            |    67 |    32 ||    99
  Block: Buckler           |    28 |    16 ||    44

Table legend:
 A = Non-vault XP
 B = Vault XP
 C = Vault XP percentage of total XP
 D = Non-vault monster count
 E = Vault monster count
 F = Vault count percentage of total count
                 A         B        C        D         E       F
            +---------+---------+-------+---------+---------+-------
      Total |     381 |      14 |   3.5 |      66 |       1 |   1.5
            +---------+---------+-------+---------+---------+-------
        D:1 |      66 |       0 |   0.0 |      26 |       0 |   0.0
        D:2 |      67 |      14 |  17.3 |      18 |       1 |   5.3
        D:3 |     119 |       0 |   0.0 |      15 |       0 |   0.0
        D:4 |     129 |       0 |   0.0 |       7 |       0 |   0.0
            +---------+---------+-------+---------+---------+-------
